PL
BOSTON PATRIOTS @ ATLANTA SMOKE
08/09/2024
 
TOP OF THE 1ST
Boston Patriots batting - Pitching for Atlanta Smoke : RHP Fraser Cuevas
Pitching: RHP Fraser Cuevas
Batting: RHB Karl Schultz 0-0: Called Strike
0-1: Ball
1-1: Ground out 6-3 (Groundball, 6M)
Batting: LHB Pancho García 0-0: Called Strike
0-1: Fly out, F8 (Flyball, 8RM)
Batting: RHB Terry Armstrong 0-0: Ball
1-0: Ball
2-0: Ground out 1-3 (Groundball, 13S)
Top of the 1st over - 0 run(s), 0 hit(s), 0 error(s), 0 left on base; Boston 0 - Atlanta 0
BOTTOM OF THE 1ST
Atlanta Smoke batting - Pitching for Boston Patriots : RHP Tom Reynolds
Pitching: RHP Tom Reynolds
Batting: LHB Bernardo Elías 0-0: Fly out, F7 (Flyball, 7M)
Batting: RHB Bartolo Morales 0-0: Called Strike
0-1: Ground out 5-3 (Groundball, 56)
Batting: LHB Albert Morán 0-0: Ground out 4-3 (Groundball, 4M)
Bottom of the 1st over - 0 run(s), 0 hit(s), 0 error(s), 0 left on base; Boston 0 - Atlanta 0
TOP OF THE 2ND
Boston Patriots batting - Pitching for Atlanta Smoke : RHP Fraser Cuevas
Batting: RHB Tamasaburo Kato 0-0: Foul Ball, location: 2F
0-1: Ball
1-1: Called Strike
1-2: Ball
2-2: Strikes out looking
Batting: LHB Bill Chambers 0-0: Ball
1-0: Called Strike
1-1: Foul Ball, location: 2F
1-2: Strikes out swinging
Batting: RHB John MacGregor 0-0: Ball
1-0: Called Strike
1-1: Ball
2-1: Swinging Strike
2-2: Strikes out swinging
Top of the 2nd over - 0 run(s), 0 hit(s), 0 error(s), 0 left on base; Boston 0 - Atlanta 0
BOTTOM OF THE 2ND
Atlanta Smoke batting - Pitching for Boston Patriots : RHP Tom Reynolds
Batting: RHB Cale Sutton 0-0: Called Strike
0-1: Foul Ball, location: 2F
0-2: Strikes out swinging
Batting: RHB Jonathan Cook 0-0: Ground out 1-3 (Groundball, 15S)
Batting: LHB Carl Gore 0-0: Called Strike
0-1: Ball
1-1: Called Strike
1-2: Foul Ball, location: 2F
1-2: Ground out 4-3 (Groundball, 4M)
Bottom of the 2nd over - 0 run(s), 0 hit(s), 0 error(s), 0 left on base; Boston 0 - Atlanta 0
TOP OF THE 3RD
Boston Patriots batting - Pitching for Atlanta Smoke : RHP Fraser Cuevas
Batting: LHB Emery Miller 0-0: Ball
1-0: Ball
2-0: Swinging Strike
2-1: Foul Ball, location: 2F
2-2: Strikes out looking
Batting: LHB Markus Richardson 0-0: Called Strike
0-1: Ball
1-1: Called Strike
1-2: Ball
2-2: Ball
3-2: Foul Ball, location: 2F
3-2: Fly out, F7 (Flyball, 78M)
Batting: RHB Gabriel Maldonado 0-0: Called Strike
0-1: Ball
1-1: Swinging Strike
1-2: Strikes out swinging
Top of the 3rd over - 0 run(s), 0 hit(s), 0 error(s), 0 left on base; Boston 0 - Atlanta 0
BOTTOM OF THE 3RD
Atlanta Smoke batting - Pitching for Boston Patriots : RHP Tom Reynolds
Batting: LHB Armando Esparza 0-0: Ball
1-0: Called Strike
1-1: Ball
2-1: Called Strike
2-2: Strikes out looking
Batting: SHB Juan Ortega 0-0: Called Strike
0-1: Foul Ball, location: 2F
0-2: Foul Ball, location: 2F
0-2: Foul Ball, location: 2F
0-2: Foul Ball, location: 2F
0-2: Ball
1-2: Ball
2-2: Strikes out swinging
Batting: RHB Anthony Johnston 0-0: Swinging Strike
0-1: Ball
1-1: Ball
2-1: Foul Ball, location: 2F
2-2: Foul Ball, location: 2F
2-2: Foul Ball, location: 2F
2-2: Ground out 5-3 (Groundball, 56S)
Bottom of the 3rd over - 0 run(s), 0 hit(s), 0 error(s), 0 left on base; Boston 0 - Atlanta 0
TOP OF THE 4TH
Boston Patriots batting - Pitching for Atlanta Smoke : RHP Fraser Cuevas
Batting: RHB Karl Schultz 0-0: Ball
1-0: Called Strike
1-1: Foul Ball, location: 2F
1-2: Strikes out swinging
Batting: LHB Pancho García 0-0: Fly out, F8 (Flyball, 8LM)
Batting: RHB Terry Armstrong 0-0: Ball
1-0: Foul Ball, location: 2F
1-1: Ball
2-1: Ground out 6-3 (Groundball, 6MS)
Top of the 4th over - 0 run(s), 0 hit(s), 0 error(s), 0 left on base; Boston 0 - Atlanta 0
BOTTOM OF THE 4TH
Atlanta Smoke batting - Pitching for Boston Patriots : RHP Tom Reynolds
Batting: LHB Bernardo Elías 0-0: Ball
1-0: Ball
2-0: Ball
3-0: Foul Ball, location: 2F
3-1: Base on Balls
Batting: RHB Bartolo Morales 0-0: Ball
1-0: Ball
2-0: Ball
3-0: Called Strike
3-1: SINGLE (Groundball, 56D)
Bernardo Elías to second
Batting: LHB Albert Morán 0-0: Ball
1-0: Foul Ball, location: 2F
1-1: Called Strike
Bernardo Elías steals 3rd base
Bartolo Morales to second
1-2: Foul Ball, location: 2F
1-2: Ball
2-2: Foul Ball, location: 2F
2-2: SINGLE (Line Drive, 89S)
Bernardo Elías scores
Bartolo Morales to third
Runner from 3rd tries for Home, SAFE, no throw or cutoff
Batting: RHB Cale Sutton 0-0: Fly out, F7 (Flyball, 7D)
Batting: RHB Jonathan Cook 0-0: Ball
1-0: Ball
2-0: Fly out, F9 (Flyball, 9M)
Batting: LHB Carl Gore 0-0: Ball
Wild Pitch!
Albert Morán to second
1-0: Ball
2-0: Foul Ball, location: 2F
2-1: Ground out 4-3 (Groundball, 34)
Bottom of the 4th over - 2 run(s), 2 hit(s), 0 error(s), 1 left on base; Boston 0 - Atlanta 2
TOP OF THE 5TH
Boston Patriots batting - Pitching for Atlanta Smoke : RHP Fraser Cuevas
Batting: RHB Tamasaburo Kato 0-0: Ball
1-0: SINGLE (Groundball, 4M) (infield hit)
Batting: LHB Bill Chambers 0-0: Ball
1-0: Ball
2-0: Ball
3-0: Called Strike
3-1: Foul Ball, location: 2F
3-2: Strikes out swinging
Tamasaburo Kato is caught stealing 2nd base
Batter strikes out.
Batting: RHB John MacGregor 0-0: Ball
1-0: Ball
2-0: Ball
3-0: Called Strike
3-1: Fly out, F8 (Flyball, 8RXD)
Top of the 5th over - 0 run(s), 1 hit(s), 0 error(s), 0 left on base; Boston 0 - Atlanta 2
BOTTOM OF THE 5TH
Atlanta Smoke batting - Pitching for Boston Patriots : RHP Tom Reynolds
Batting: LHB Armando Esparza 0-0: SINGLE (Groundball, 34D) (infield hit)
Batting: SHB Juan Ortega 0-0: Bunt missed!
0-1: Bunted foul
0-2: Ball
1-2: Fly out, F7 (Flyball, 7LM)
Batting: RHB Anthony Johnston 0-0: Called Strike
0-1: Ball
1-1: DOUBLE (Line Drive, 9LM)
Armando Esparza to third
Batting: LHB Bernardo Elías 0-0: Intentional Walk
Batting: RHB Bartolo Morales 0-0: Fly out, F7 (Flyball, 7LM)
Runner from 3rd tags up, SCORES, throw made
Batting: LHB Albert Morán 0-0: Ball
1-0: SINGLE (Line Drive, 34D)
Anthony Johnston to third
Bernardo Elías to second
Runner from 3rd tries for Home, SAFE, no throw or cutoff
Batting: RHB Cale Sutton 0-0: Ball
Wild Pitch!
Bernardo Elías to third
Albert Morán to second
1-0: 3-RUN HOME RUN (Flyball, 89XD), Distance : 431 ft
Batting: RHB Jonathan Cook 0-0: Ball
1-0: Ball
2-0: Ball
3-0: Called Strike
3-1: Base on Balls
Pitching: RHP Earnest Casey
Batting: LHB Carl Gore 0-0: Foul Ball, location: 2F
0-1: Foul Ball, location: 2F
0-2: Ball
1-2: Fly out, F5 (Popup, 5DF)
Bottom of the 5th over - 5 run(s), 4 hit(s), 0 error(s), 1 left on base; Boston 0 - Atlanta 7
TOP OF THE 6TH
Boston Patriots batting - Pitching for Atlanta Smoke : RHP Fraser Cuevas
Batting: LHB Emery Miller 0-0: Called Strike
0-1: Ground out U3 (Groundball, 3)
Batting: LHB Markus Richardson 0-0: Called Strike
0-1: Ball
1-1: Swinging Strike
1-2: Ball
2-2: Strikes out swinging
Batting: RHB Gabriel Maldonado 0-0: Called Strike
0-1: Ball
1-1: Foul Ball, location: 2F
1-2: Ball
2-2: Ball
3-2: Strikes out swinging
Top of the 6th over - 0 run(s), 0 hit(s), 0 error(s), 0 left on base; Boston 0 - Atlanta 7
BOTTOM OF THE 6TH
Atlanta Smoke batting - Pitching for Boston Patriots : RHP Earnest Casey
Batting: LHB Armando Esparza 0-0: Ball
1-0: Foul Ball, location: 2F
1-1: Ball
2-1: Foul Ball, location: 2F
2-2: SINGLE (Line Drive, 4M)
Batting: SHB Juan Ortega 0-0: Sac Bunt - play at first, batter OUT! 2-4
Armando Esparza to second
Batting: RHB Anthony Johnston 0-0: TRIPLE (Flyball, 8LXD)
Armando Esparza scores
Batting: LHB Bernardo Elías 0-0: Ball
1-0: Foul Ball, location: 2F
1-1: Ball
2-1: Fly out, F8 (Flyball, 8RS)
Batting: RHB Bartolo Morales 0-0: Called Strike
0-1: Fly out, F8 (Flyball, 8RM)
Bottom of the 6th over - 1 run(s), 2 hit(s), 0 error(s), 1 left on base; Boston 0 - Atlanta 8
TOP OF THE 7TH
Boston Patriots batting - Pitching for Atlanta Smoke : RHP Fraser Cuevas
Batting: RHB Karl Schultz 0-0: Ball
1-0: Called Strike
1-1: Called Strike
1-2: Foul Ball, location: 2F
1-2: Ball
2-2: Strikes out swinging
Batting: LHB Pancho García 0-0: Called Strike
0-1: Ball
1-1: Swinging Strike
1-2: Strikes out swinging
Batting: RHB Terry Armstrong 0-0: Ball
1-0: Foul Ball, location: 2F
1-1: Ball
2-1: Ground out 4-3 (Groundball, 4M)
Top of the 7th over - 0 run(s), 0 hit(s), 0 error(s), 0 left on base; Boston 0 - Atlanta 8
BOTTOM OF THE 7TH
Atlanta Smoke batting - Pitching for Boston Patriots : RHP Earnest Casey
Batting: LHB Albert Morán 0-0: Swinging Strike
0-1: Called Strike
0-2: Ball
1-2: Ball
2-2: DOUBLE (Flyball, 89D)
Batting: RHB Cale Sutton 0-0: Fly out, F8 (Flyball, 78D)
Batting: RHB Jonathan Cook 0-0: Ball
1-0: Foul Ball, location: 2F
1-1: Ball
2-1: Ground out 6-3 (Groundball, 4M)
Albert Morán to third
Batting: LHB Carl Gore 0-0: Called Strike
0-1: Fly out, F8 (Flyball, 8LD)
Bottom of the 7th over - 0 run(s), 1 hit(s), 0 error(s), 1 left on base; Boston 0 - Atlanta 8
TOP OF THE 8TH
Boston Patriots batting - Pitching for Atlanta Smoke : RHP Fraser Cuevas
Batting: RHB Tamasaburo Kato 0-0: Foul Ball, location: 2F
0-1: Ball
1-1: Foul Ball, location: 2F
1-2: Ball
2-2: Ball
3-2: Foul Ball, location: 2F
3-2: Ground out 6-3 (Groundball, 6M)
Batting: LHB Bill Chambers 0-0: Called Strike
0-1: Ball
1-1: Fly out, F3 (Popup, 4MS)
Batting: RHB John MacGregor 0-0: Foul Ball, location: 2F
0-1: Ball
1-1: Foul Ball, location: 2F
1-2: Ball
2-2: Foul Ball, location: 2F
2-2: Foul Ball, location: 2F
2-2: Foul Ball, location: 2F
2-2: Ground out 5-3 (Groundball, 56)
Top of the 8th over - 0 run(s), 0 hit(s), 0 error(s), 0 left on base; Boston 0 - Atlanta 8
BOTTOM OF THE 8TH
Atlanta Smoke batting - Pitching for Boston Patriots : RHP Earnest Casey
Batting: LHB Armando Esparza 0-0: Called Strike
0-1: Fly out, F9 (Flyball, 89XD)
Batting: SHB Juan Ortega 0-0: Swinging Strike
0-1: Ball
1-1: Ball
2-1: Foul Ball, location: 2F
2-2: Foul Ball, location: 2F
2-2: Foul Ball, location: 2F
2-2: Ball
3-2: Strikes out looking
Batting: RHB Anthony Johnston 0-0: Called Strike
0-1: Called Strike
0-2: Ball
1-2: Ball
2-2: Ground out 4-3 (Groundball, 4)
Bottom of the 8th over - 0 run(s), 0 hit(s), 0 error(s), 0 left on base; Boston 0 - Atlanta 8
TOP OF THE 9TH
Boston Patriots batting - Pitching for Atlanta Smoke : RHP Fraser Cuevas
Pitching: RHP Fred Pitts
Batting: LHB Emery Miller 0-0: Called Strike
0-1: Ball
1-1: SINGLE (Groundball, 15S) (infield hit)
Batting: LHB Markus Richardson 0-0: Called Strike
0-1: Ball
1-1: Ball
2-1: Foul Ball, location: 2F
2-2: SINGLE (Flyball, 78S)
Emery Miller to second
Batting: RHB Gabriel Maldonado 0-0: Called Strike
0-1: Called Strike
0-2: Strikes out swinging
Batting: RHB Karl Schultz 0-0: Ball
1-0: Swinging Strike
1-1: Ball
2-1: Ball
3-1: DOUBLE (Flyball, 7D)
Emery Miller scores
Markus Richardson to third
Batting: LHB Pancho García 0-0: Ball
1-0: Foul Ball, location: 2F
1-1: Foul Ball, location: 2F
1-2: Foul Ball, location: 2F
1-2: Ball
2-2: Foul Ball, location: 2F
2-2: Strikes out swinging
Batting: RHB Terry Armstrong 0-0: Called Strike
0-1: Ball
1-1: Ball
2-1: Ground out 5-3 (Groundball, 56)
Top of the 9th over - 1 run(s), 3 hit(s), 0 error(s), 2 left on base; Boston 1 - Atlanta 8
This league is powered by Out of the Park Baseball, the baseball management simulation game for PC, Mac and Linux
Monday, October 3rd, 2016 - OOTP Baseball 16.9 Build 39